 Dungeon Crawl Stone Soup version 0.30.1-11-g7821555f0a (webtiles) character file.

Game seed: 11446140100639475256

17 lonewolfV2 the Trooper (level 2, -3/27 HPs)
             Began as a Minotaur Fighter on Oct 31, 2023.
             Slain by Terence
             ... wielding a +0 flail
              (7 damage)
             ... on level 2 of the Dungeon.
             The game lasted 00:00:46 (515 turns).

lonewolfV2 the Trooper (Minotaur Fighter)            Turns: 515, Time: 00:00:47

Health: -3/27      AC:  8    Str: 20    XL:     2   Next: 44%
Magic:  1/1        EV:  9    Int:  5    God:
Gold:   33         SH:  4    Dex:  9    Spells: 1/1 levels left

rFire   + . .        a - +0 war axe
rCold   . . .        c - +0 buckler
rNeg    . . .        b - +0 scale mail
rPois   .            (helmet restricted)
rElec   .            (no cloak)
rCorr   .            (no gloves)
SInv    .            e - +0 pair of boots
Will    .....        (no amulet) Stlth
                     l - ring of protection from fire
HPRegen 0.24/turn    (no ring)
MPRegen 0.07/turn

%: no passive effects
@: no status effects
A: horns 2, retaliatory headbutt
a: no special abilities


You were on level 2 of the Dungeon.
You visited 1 branch of the dungeon, and saw 2 of its levels.

You collected 33 gold pieces.

Inventory:

Hand Weapons
 a - a +0 war axe (weapon)
Armour
 b - a +0 scale mail (worn)
 c - a +0 buckler (worn)
 e - a +0 pair of boots (worn)
Jewellery
 l - a ring of protection from fire (left hand)
Scrolls
 f - 2 scrolls of identify {unknown}
 h - a scroll of blinking {unknown}
 j - a scroll of summoning {unknown}
 m - a scroll of fog {unknown}
 n - a scroll of amnesia {unknown}
Potions
 d - a potion of might
 g - a potion of heal wounds {unknown}
 i - a potion of ambrosia {unknown}
 k - 2 potions of flight {unknown}


   Skills:
 + Level 4.0 Fighting
 * Level 3.4 Axes
 - Level 3.6 Armour
 - Level 3.6 Shields


You had one spell level left.
You didn't know any spells.
Your spell library was empty.

Dungeon Overview and Level Annotations

Branches:
Dungeon (2/15)

Altars:

Annotations:
D:2 Terence


Innate Abilities, Weirdness & Mutations

You have a pair of horns on your head.
You reflexively headbutt those who attack you in melee.


Message History

You see here a worm corpse.
HP restored.
You see here a worm corpse.
You see here 5 poisoned darts.
You see here 5 poisoned darts.
There is a stone staircase leading down here.
A rat comes into view.
A rat is nearby!
A rat is nearby!
You block the rat's attack.
A rat is nearby!
You barely miss the rat. The rat bites you but does no damage.
The rat closely misses you.
You closely miss the rat. The rat bites you.
You closely miss the rat. The rat completely misses you.
A rat is nearby!
You hit the rat.
You kill the rat!
You see here a rat corpse.
Found a scroll labelled OGUQOE DISM.
Found 5 stones.
n - a scroll labelled OGUQOE DISM Terence the Incautious comes into view.
He is wielding a +0 flail and carrying a wand of light (13).
Terence shouts!
Terence zaps a wand.
The bolt of light hits you!
Ouch! That really hurt!
Terence zaps a wand.
The bolt of light hits you!
* * * LOW HITPOINT WARNING * * *
Terence is nearby!
Terence is nearby!
Terence zaps a wand.
The bolt of light hits you.
* * * LOW HITPOINT WARNING * * *
Terence barely misses you. You furiously retaliate!
You headbutt Terence! You closely miss Terence.
Terence is heavily wounded.
You block Terence's attack. Terence hits you but does no damage.
You hit Terence.
Terence is heavily wounded.
Terence hits you with a +0 flail!
You die...

####...##...###......
#..#.................
#..#.#........†......
#...................#
#...................#
###.................#
#...................#
#.##.#..............#
#@#.............##
#@#.#............
......###...##...
......## .......
......## ##...
#(.#.#.# ... ##.#.#.#
#...#.#


You could see Terence.

Vanquished Creatures
  A worm (D:2)
  A ball python (D:1)
  2 endoplasms (D:2)
  2 goblins (D:1)
  2 hobgoblins (D:1)
  3 kobolds
  A rat (D:2)
12 creatures vanquished.

Notes
Turn   | Place    | Note
-------+----------+-------------------------------------------
     0 | D:1      | lonewolfV2 the Minotaur Fighter began the quest for the
                  | Orb.
     0 | D:1      | Reached XP level 1. HP: 19/19 MP: 0/0
   107 | D:1      | Found a faded altar of an unknown god.
   209 | D:1      | Reached XP level 2. HP: 27/27 MP: 1/1
   453 | D:2      | Reached skill level 4 in Fighting
   510 | D:2      | Noticed Terence
   515 | D:2      | Slain by Terence

Illustrated notes

Levels and vault maps discovered:
D:1:      scummos_arrival_hexagon, layout_rooms,
          shapermc_ecumenical_altar_acropolis
D:2:      layout_rooms, kennysheep_generic_room_7, uniq_terence,
          uniq_crazy_yiuf_cottage

Skill      XL: |  1  2 |
---------------+-------+-----
Axes           | 3 |  3.4
Fighting       | 4 |  4.0
Armour         | |  3.6
Shields        | |  3.6

Action                     || total
---------------------------++-------
  Melee: War axe           ||    22
         Headbutt          ||     1
 Armour: Scale mail        ||    11
  Dodge: Dodged            ||    10
  Block: Buckler           ||     3
